 Dungeon Crawl Stone Soup version 0.30-a0-1160-g6e42c06551 (webtiles) character file.

Game seed: 6664657941910413306

150616 Mgcat the Bludgeoner (level 16, -7/130 (134) HPs)
             Began as an Armataur Fighter on Apr 26, 2023.
             Was a High Priest of Okawaru.
             Mangled by a sun demon (11 damage)
             ... on level 12 of the Dungeon.
             The game lasted 00:48:42 (22873 turns).

Mgcat the Bludgeoner (Armataur Fighter)            Turns: 22873, Time: 00:48:42

HP:   -7/130 (134)  AC: 22    Str: 35    XL:     16   Next: 99%
MP:   20/20         EV:  7    Int:  9    God:    Okawaru [*****.]
Gold: 974           SH: 20    Dex: 12    Spells: 15/15 levels left

rFire   . . .        P - +7 demon whip (elec)
rCold   . . .        u - +0 tower shield
rNeg    . . .        A - +2 chain mail {rPois}
rPois   +            n - +0 helmet of Cuefeo {Drain Str+8}
rElec   +            F - +2 cloak
rCorr   .            J - +2 pair of gloves
SInv    .            o - +1 barding
Will    ++...        w - amulet "Oma Wan" {Faith rElec} Stlth
                     I - +4 ring of protection
HPRegen 0.41/turn    r - ring of willpower
MPRegen 0.17/turn

%: roll, faith
@: heroic, corroded, lightly drained
A: large, rugged brown scales 3, deformed body, armoured tail, roll, long
tongue, awkward tongue, frail 1, low MP 1
a: Renounce Religion, Heroism, Finesse, Duel


You were on level 12 of the Dungeon.
You worshipped Okawaru.
Okawaru was extremely pleased with you.
You visited 4 branches of the dungeon, and saw 20 of its levels.
You also visited: Sewer, Ossuary and Bailey.

You collected 2574 gold pieces.
You spent 1600 gold pieces at shops.

Inventory:

Hand Weapons
 K - a +0 broad axe of freezing
   (You found it in an ossuary)
 P - a +7 demon whip of electrocution (weapon)
   (Okawaru gifted it to you on level 1 of the Lair of Beasts)
Missiles
 t - a throwing net {=f, !d}
Armour
 n - the +0 helmet of Cuefeo (worn) {Drain Str+8}
   (Okawaru gifted it to you on level 9 of the Dungeon)

   Str:       It affects your strength (+8).
   Drain:     It drains your maximum health when unequipped.
 o - a +1 barding (worn)
   (You found it on level 2 of the Dungeon)
 u - a +0 tower shield (worn)
   (You found it on level 3 of the Dungeon)
 A - a +2 chain mail of poison resistance (worn)
   (You took it off Rupert on level 2 of the Orcish Mines)
 F - a +2 cloak (worn)
   (You took it off Crazy Yiuf on level 7 of the Dungeon)
 J - a +2 pair of gloves (worn)
   (You found it on level 8 of the Dungeon)
Jewellery
 a - a +5 ring of evasion
   (You found it on level 5 of the Dungeon)
 r - a ring of willpower (right hand)
   (You found it on level 3 of the Dungeon)
 w - the amulet "Oma Wan" (around neck) {Faith rElec}
   (You bought it in a shop on level 2 of the Orcish Mines)

   [amulet of faith]

   It allows you to gain divine favour quickly.
   rElec:     It insulates you from electricity.
 I - a +4 ring of protection (left hand)
   (You found it on level 7 of the Dungeon)
 O - a ring of fire {rF+, rC-}
   (You found it on level 9 of the Dungeon)
 S - a ring of resist corrosion
   (You found it on level 4 of the Lair of Beasts)
Wands
 p - a wand of polymorph (8)
   (You found it on level 1 of the Lair of Beasts)
 D - a wand of mindburst (3)
   (You found it on level 6 of the Dungeon)
 G - a wand of paralysis (15)
   (You found it on level 7 of the Dungeon)
 L - a wand of digging (5)
   (You found it on level 11 of the Dungeon)
 N - a wand of roots (10)
   (You took it off a centaur on level 11 of the Dungeon)
Scrolls
 m - 10 scrolls of teleportation
 x - 2 scrolls of fear
 y - a scroll of amnesia
 z - 2 scrolls of poison {!r}
 E - 2 scrolls of identify
 H - 3 scrolls of enchant armour
 R - 4 scrolls of blinking {!r}
 T - a scroll of fog
Potions
 b - 5 potions of flight
 c - 8 potions of brilliance
 d - 2 potions of might
 e - 4 potions of mutation {!q}
 f - 5 potions of lignification {!q}
 g - 2 potions of berserk rage {!q}
 h - 3 potions of heal wounds
 i - 3 potions of attraction {!q}
 j - 3 potions of resistance
 k - 7 potions of haste
 l - 10 potions of curing
 s - 3 potions of cancellation
 v - 7 potions of ambrosia
 B - 2 potions of invisibility
 C - 6 potions of magic


   Skills:
 + Level 11.7(16.7) Fighting
 * Level 16.0(21.0) Maces & Flails
 + Level 15.0(20.0) Armour
 + Level 13.9(18.9) Shields
 + Level 9.4 Invocations


You had 15 spell levels left.
You didn't know any spells.
Your spell library contained the following spells:

 Spells                   Type           Power      Damage    Failure   Level
 Foxfire                  Conj/Fire      0%         2x1d4     78%         1
 Shock                    Conj/Air       0%         1d3       78%         1
 Ensorcelled Hibernation  Hex/Ice        0%         N/A       89%         2
 Frozen Ramparts          Ice            0%         1d1       98%         3
 Ozocubu's Armour         Ice            0%         N/A       98%         3
 Spider Form              Tmut/Pois      0%         N/A       98%         3
 Swiftness                Air            0%         N/A       98%         3
 Airstrike                Air            0%         2d(0-16)  100%        4
 Anguish                  Hex/Necr       0%         N/A       100%        4
 Ice Form                 Ice/Tmut       0%         N/A       100%        4
 Petrify                  Tmut/Erth      0%         N/A       100%        4
 Borgnjor's Vile Clutch   Necr/Erth      0%         N/A       100%        5
 Fireball                 Conj/Fire      0%         3d3       100%        5
 Iron Shot                Conj/Erth      0%         9d1       100%        6
 Plasma Beam              Fire/Air       0%         2x1d11    100%        6
 Starburst                Conj/Fire      0%         6d3       100%        6
 Ozocubu's Refrigeration  Ice            0%         4d7       100%        7
 Summon Ice Beast         Ice/Summ       Unusable   N/A       N/A         4

Dungeon Overview and Level Annotations

Branches:
Dungeon (12/15)            Temple (1/1) D:7            Lair (5/5) D:10
  Swamp (0/4) Lair:3        Snake (0/4) Lair:3        Slime (0/5) Lair:4
    Orc (2/2) D:10            Elf (0/3) Orc:2         Sewer (visited)
Ossuary (visited)          Bailey (visited)

Altars:
Ashenzari
Cheibriados
Dithmenos
Elyvilon
Fedhas
Gozag
Hepliaklqana
Kikubaaqudgha
Makhleb
Nemelex Xobeh
Okawaru
Qazlal
Ru
Sif Muna
Trog
Uskayaw
Vehumet
Wu Jian
Xom
Yredelemnul
Zin
The Shining One
Jiyva

Shops:
D:5 =   Orc:2 [*=?

Portals:
Pandemonium: Orc:2


Innate Abilities, Weirdness & Mutations

You are completely covered in rugged brown scales. (AC +3, +7% HP)
Armour fits poorly on your strangely shaped body.
You have a long armoured tail.
You roll when moving toward enemies. (Rampage)
Your long tongue fully drains potion bottles. (2x potion effects)
Your tongue gives you trouble enunciating. (1.5x scroll delay)
You are frail. (-10% HP)
Your magical capacity is low. (-10% MP)


Message History

You block the sun demon's attack.
You hit the soul eater but do no damage.
The soul eater is almost dead.
You block the soul eater's attack. You block the rust devil's attack.
You hit the soul eater but do no damage.
The soul eater is almost dead.
You block the sun demon's attack. You block the rust devil's attack.
You block the soul eater's attack.
You hit the soul eater but do no damage.
Lightning courses through the soul eater!
You kill the soul eater!
Okawaru accepts your kill.
The sun demon hits you but does no damage.
You hit the sun demon but do no damage.
You tail-slap the sun demon, but do no damage.
The rust devil hits you. The rust devil corrodes you!
You whack the sun demon!
The sun demon is lightly wounded.
The sun demon hits you but does no damage.
You hit the sun demon.
Your tail-slap misses the sun demon.
The sun demon is lightly wounded.
You block the rust devil's attack. The sun demon hits you!!
You are engulfed in flames!
You take 34 damage, and have 86/129 hp.
MASSIVE DAMAGE!!
You are too injured to fight recklessly!
You are too injured to fight recklessly!
You are too injured to fight recklessly!
You are too injured to fight recklessly!
You are too injured to fight recklessly!
You are too injured to fight recklessly!
You gain the combat prowess of a mighty hero.
The sun demon hits you but does no damage.
You block the rust devil's attack.
You now have 18/20 mp.
You barely miss the sun demon.
The sun demon is lightly wounded.
You block the sun demon's attack. You block the rust devil's attack.
You whack the sun demon!
The sun demon is moderately wounded.
You block the sun demon's attack.
You hit the rust devil but do no damage.
The rust devil hits you. The rust devil corrodes you!
You hit the rust devil.
The rust devil is lightly wounded.
You block the sun demon's attack.
You hit the rust devil but do no damage.
You tail-slap the rust devil, but do no damage.
The rust devil is lightly wounded.
You block the rust devil's attack. The sun demon hits you!
You are engulfed in flames!
You take 19 damage, and have 68/129 hp.
You whack the rust devil!
The rust devil is heavily wounded.
You block the rust devil's attack.
You hit the rust devil.
You tail-slap the rust devil, but do no damage.
The rust devil is heavily wounded.
You block the sun demon's attack.
You barely miss the rust devil.
The rust devil is heavily wounded.
You block the rust devil's attack. You block the sun demon's attack.
A gargoyle comes into view. It is wielding a +0 morningstar.
You completely miss the rust devil.
You tail-slap the rust devil, but do no damage.
The rust devil is heavily wounded.
You whack the rust devil!
The rust devil is severely wounded.
You block the sun demon's attack. The rust devil hits you!
The rust devil corrodes you!
You take 6 damage, and have 63/129 hp.
You thrash the rust devil!!
You kill the rust devil!
Okawaru accepts your kill. You block the sun demon's attack.
You hit the sun demon but do no damage.
The sun demon is moderately wounded.
You block the sun demon's attack.
You thrash the sun demon!!
You tail-slap the sun demon, but do no damage.
The sun demon is heavily wounded.
You hit the sun demon.
The sun demon is severely wounded.
The gargoyle hurls a stone arrow at you.
The stone arrow hits you! You block the sun demon's attack.
You take 16 damage, and have 48/130 hp.
You whack the sun demon!
The sun demon is almost dead.
The sun demon hits you!
You are engulfed in flames!
* * * LOW HITPOINT WARNING * * *
You take 22 damage, and have 26/130 hp.
The sun demon hits you.
* * * LOW HITPOINT WARNING * * *
You are engulfed in flames!
* * * LOW HITPOINT WARNING * * *
You take 12 damage, and have 14/130 hp.
MP restored: 20 The sun demon attacks as you move away!
The sun demon hits you!
* * * LOW HITPOINT WARNING * * *
You are engulfed in flames!
You die...

# ....................
#. #...∩.....<........
#.#####..............###
#....................# #
#....................###
#.......................
#.......########'#######
#.......#[.............#
#.###..@#..............#
# #.3.#..............#
#..9#..............#
......#........#######
........#........# #
.∩......#........#
........#........#
........#........#
#...###.#........#


You could see a sun demon and a gargoyle.

Vanquished Creatures
  Rupert (Orc:2)
  Snorg (Lair:4)
  Josephine (Orc:1)
  2 fire dragons
  3 demonspawn (Orc:2)
  4 hydras
  Erolcha (Orc:2)
  A boulder beetle (D:11)
  The ghost of Iidacon the Protected, a novice AtFi of Dithmenos (D:8)
  4 two-headed ogres
  13 death yaks
  Urug (Lair:2)
  4 orc high priests (Orc:2)
  Nergalle (Lair:1)
  A soul eater (D:12)
  A fire crab (Lair:5)
  A skyshark (Lair:4)
  Lodul (D:10)
  4 orc knights (Orc:2)
  An obsidian statue (D:9)
  A lindwurm (Lair:5)
  9 orc sorcerers
  4 oklob plants (D:11)
  2 manticores
  A cyclops (D:12)
  6 ugly things
  7 black mambas
  8 elephants
  Joseph (D:7)
  2 molten gargoyles (Lair:5)
  2 rust devils
  2 gargoyles
  8 cane toads
  13 komodo dragons
  3 freezing wraiths
  An orange demon (Orc:2)
  3 unseen horrors
  2 rime drakes
  A yaktaur (D:11)
  A red devil (Orc:2)
  5 trolls
  A queen bee (D:10)
  A hellwing (D:12)
  3 polar bears
  A hornet (D:9)
  7 dream sheep (Lair:5)
  Prince Ribbit (D:7)
  30 blink frogs
  3 slime creatures (D:12)
  2 shadows (D:11)
  A ynoxinul (D:8)
  6 wraiths
  A vampire (D:11)
  31 yaks
  2 chaos spawn
  11 wyverns
  2 neqoxecs (D:12)
  2 basilisks
  3 steam dragons
  3 acid dragons (D:11)
  4 nagas (Lair:3)
  6 wargs
  15 water moccasins
  3 hell hounds (Lair:5)
  A swamp drake (Lair:3)
  2 ice beasts
  34 orc warriors
  13 ogres
  3 black bears
  A centaur (D:11)
  9 wolves
  3 kobold brigands (D:10)
  16 bullfrogs
  3 scorpions
  4 wights (D:9)
  49 killer bees
  5 electric eels
  6 howler monkeys
  A human zombie (Ossuary)
  5 lava snakes (Lair:5)
  A quasit (D:12)
  Crazy Yiuf (D:7)
  4 hounds
  24 orc priests
  3 centaur zombies (Ossuary)
  4 sleepcaps
  5 iguanas
  21 orc wizards
  2 mummies (Ossuary)
  17 gnolls
  A river rat (Sewer)
  17 adders
  A shadow imp (D:6)
  An ufetubus (D:5)
  An adder zombie (Ossuary)
  4 worms
  3 dart slugs
  95 orcs
  10 endoplasms
  2 giant cockroaches
  3 hobgoblins (D:1)
  4 jackals (D:1)
  15 kobolds
  14 ball pythons
  5 bats
  7 frilled lizards
  10 goblins
  3 goblin zombies (Ossuary)
  13 hobgoblin zombies (Ossuary)
  9 kobold zombies (Ossuary)
  7 orc zombies (Ossuary)
  25 rats
  A bush (D:8)
756 creatures vanquished.

Vanquished Creatures (others)
  A bush (D:11)
  6 demonic plants (D:12)
  21 fungi
  38 plants
66 creatures vanquished.

Grand Total: 822 creatures vanquished

Notes
Turn   | Place    | Note
-------+----------+-------------------------------------------
     0 | D:1      | Mgcat the Armataur Fighter began the quest for the Orb.
     0 | D:1      | Reached XP level 1. HP: 19/19 MP: 1/1
   241 | D:1      | Reached skill level 2 in Maces & Flails
   375 | D:1      | Reached XP level 2. HP: 21/26 MP: 2/2
   809 | D:1      | Reached skill level 4 in Armour
   809 | D:1      | Reached XP level 3. HP: 17/32 MP: 3/3
   878 | D:1      | Reached skill level 3 in Fighting
  1306 | D:2      | Reached XP level 4. HP: 15/40 MP: 4/4
  1614 | D:3      | Reached skill level 3 in Maces & Flails
  1673 | D:3      | Reached skill level 4 in Shields
  1885 | D:3      | Reached XP level 5. HP: 33/48 MP: 2/5
  2219 | D:4      | Noticed an ice beast
  2670 | D:4      | HP: 9/48 [poisoned by a gnoll]
  2691 | D:4      | Killed an ice beast
  2692 | D:4      | Reached skill level 4 in Maces & Flails
  2692 | D:4      | Reached skill level 5 in Armour
  2692 | D:4      | Reached XP level 6. HP: 45/55 MP: 4/6
  3226 | D:5      | Entered Level 5 of the Dungeon
  3270 | D:4      | Reached skill level 4 in Fighting
  3337 | D:5      | Reached XP level 7. HP: 63/63 MP: 7/7
  3466 | D:5      | HP: 15/60 [orc priest/+0 trident (5)]
  3468 | D:5      | HP: 1/59 [orc priest/divine providence (10)]
  3471 | D:5      | Reached skill level 5 in Shields
  3512 | D:5      | Found a sparkling altar of Nemelex Xobeh.
  3516 | D:5      | Found an ornate altar of the Wu Jian Council.
  3578 | D:5      | Found Fitiud's Jewellery Emporium.
  3620 | D:5      | Reached skill level 5 in Maces & Flails
  3739 | D:5      | Reached skill level 6 in Armour
  3742 | D:5      | Found a glowing drain.
  3755 | Sewer    | Entered a sewer
  3950 | Sewer    | Reached XP level 8. HP: 63/71 MP: 8/8
  4373 | Sewer    | Reached skill level 6 in Maces & Flails
  4674 | D:5      | Found a radiant altar of Vehumet.
  4796 | D:6      | Reached skill level 6 in Shields
  4812 | D:6      | Reached skill level 5 in Fighting
  4825 | D:6      | Identified the +1 leather armour of Jeimmidgh {rF+ rC+
                  | Int+5}
  4872 | D:6      | Found a broken altar of Ashenzari.
  5089 | D:6      | Reached skill level 7 in Armour
  5428 | D:7      | Noticed Joseph
  5429 | D:7      | Found a staircase to the Ecumenical Temple.
  5436 | Temple   | Entered the Ecumenical Temple
  5441 | Temple   | Became a worshipper of Warmaster Okawaru
  5458 | D:7      | HP: 11/72 [Joseph/+0 quarterstaff (14)]
  5461 | D:7      | Killed Joseph
  5462 | D:7      | Reached skill level 7 in Maces & Flails
  5462 | D:7      | Reached XP level 9. HP: 14/79 MP: 2/9
  5530 | D:7      | Found a flagged portal.
  5619 | Bailey   | Entered a bailey
  5822 | Bailey   | Reached * piety under Okawaru
  6130 | D:7      | Reached skill level 7 in Shields
  6465 | D:7      | Found a runed translucent door.
  6466 | D:7      | Noticed Crazy Yiuf
  6535 | D:7      | Noticed a troll
  6535 | D:7      | Noticed Prince Ribbit
  6567 | D:7      | Killed a troll
  6568 | D:7      | Reached skill level 6 in Fighting
  6568 | D:7      | Reached skill level 8 in Maces & Flails
  6568 | D:7      | Reached skill level 8 in Armour
  6572 | D:7      | Killed Prince Ribbit
  6612 | D:7      | Reached ** piety under Okawaru
  6956 | D:8      | Noticed Iidacon's ghost (novice AtFi)
  6958 | D:8      | Found a runed translucent door.
  7069 | D:8      | Found a sand-covered staircase.
  7083 | Ossuary  | Entered an ossuary
  7196 | Ossuary  | Reached XP level 10. HP: 89/89 MP: 10/10
  7648 | D:8      | Noticed a two-headed ogre
  7657 | D:8      | Killed a two-headed ogre
  7658 | D:8      | Reached skill level 9 in Maces & Flails
  7658 | D:8      | Reached skill level 8 in Shields
  8314 | D:9      | Reached skill level 9 in Armour
  8414 | D:9      | Reached *** piety under Okawaru
  8428 | D:9      | Reached skill level 7 in Fighting
  8719 | D:9      | Found a transporter.
  8721 | D:9      | Noticed a green ugly thing
  8721 | D:9      | Noticed a gargoyle
  8723 | D:9      | Noticed a manticore
  8735 | D:9      | Noticed an obsidian statue
  8739 | D:9      | Found a transporter.
  8739 | D:9      | Found the +8 Wrath of Trog {antimagic, *Rage Rampage}
  8808 | D:9      | Noticed a fire dragon
  9210 | D:10     | Entered Level 10 of the Dungeon
  9274 | D:10     | Reached **** piety under Okawaru
  9275 | D:10     | Reached skill level 10 in Maces & Flails
  9306 | D:10     | Noticed Lodul
  9320 | D:10     | Reached skill level 9 in Shields
  9326 | D:10     | Killed Lodul
  9327 | D:10     | Reached XP level 11. HP: 74/98 MP: 9/11
  9442 | D:10     | Received a gift from Okawaru
  9605 | D:10     | Noticed a two-headed ogre
  9613 | D:10     | Killed a two-headed ogre
  9614 | D:10     | Reached skill level 10 in Armour
  9767 | D:10     | Found a staircase to the Lair.
  9943 | D:10     | Found a staircase to the Orcish Mines.
 10151 | D:10     | Noticed a white ugly thing
 10156 | D:10     | Killed a white ugly thing
 10205 | D:10     | Found an opulent altar of Gozag.
 10262 | D:11     | Noticed a white ugly thing
 10266 | D:11     | Noticed a brown ugly thing
 10267 | D:11     | Noticed a white ugly thing
 10279 | D:10     | Killed a white ugly thing
 10563 | D:10     | HP: 25/100 [white ugly thing (25)]
 10569 | D:10     | Killed a white ugly thing
 10755 | D:11     | Killed a white ugly thing
 10756 | D:11     | Reached skill level 8 in Fighting
 10865 | D:11     | Reached skill level 11 in Maces & Flails
 10922 | D:11     | Found a blossoming altar of Fedhas.
 10942 | D:11     | Reached skill level 1 in Invocations
 11184 | D:11     | Reached skill level 10 in Shields
 11184 | D:11     | Reached skill level 2 in Invocations
 11206 | D:11     | Noticed a six-headed hydra
 11216 | D:11     | Killed a six-headed hydra
 11217 | D:11     | Reached skill level 11 in Armour
 11229 | D:11     | Reached XP level 12. HP: 84/110 MP: 9/14
 11248 | D:11     | Noticed a boulder beetle
 11496 | D:11     | Noticed a two-headed ogre
 11585 | D:11     | Noticed a two-headed ogre
 11636 | D:10     | Reached skill level 3 in Invocations
 11642 | D:10     | Killed a two-headed ogre
 11776 | D:10     | Received a gift from Okawaru
 12064 | D:11     | Killed a boulder beetle
 12064 | D:11     | Reached ***** piety under Okawaru
 12065 | D:11     | Reached skill level 12 in Maces & Flails
 12474 | D:11     | Killed a two-headed ogre
 12791 | Lair:1   | Entered Level 1 of the Lair of Beasts
 12850 | Lair:1   | Reached skill level 4 in Invocations
 12857 | Lair:1   | Reached skill level 9 in Fighting
 12864 | Lair:1   | Received a gift from Okawaru
 12892 | Lair:1   | Noticed Nergalle
 12906 | Lair:1   | Killed Nergalle
 13244 | Lair:1   | Noticed a four-headed hydra
 13253 | Lair:1   | Killed a four-headed hydra
 13479 | Lair:1   | Reached skill level 11 in Shields
 13749 | Lair:2   | Reached skill level 12 in Armour
 13784 | Lair:2   | Noticed Urug
 13830 | Lair:2   | Killed Urug
 14092 | Lair:2   | Reached skill level 5 in Invocations
 14308 | Lair:2   | Reached XP level 13. HP: 118/118 MP: 16/16
 14680 | Lair:3   | Found a staircase to the Snake Pit.
 14740 | Lair:3   | Reached skill level 13 in Maces & Flails
 14838 | Lair:3   | Found a staircase to the Swamp.
 15508 | Lair:4   | Reached skill level 6 in Invocations
 15598 | Lair:4   | Received a gift from Okawaru
 15786 | Lair:4   | Found a staircase to the Slime Pits.
 15786 | Lair:4   | Found a viscous altar of Jiyva.
 15825 | Lair:4   | Reached skill level 10 in Fighting
 16071 | Lair:4   | Noticed Snorg
 16156 | Lair:4   | Killed Snorg
 16191 | Lair:4   | Reached skill level 12 in Shields
 16208 | Lair:4   | Reached skill level 13 in Armour
 16689 | Lair:5   | Entered Level 5 of the Lair of Beasts
 16808 | Lair:5   | Identified the +1 chain mail "Zeutimuk" {-Tele Rampage
                  | rPois} (Okawaru gifted it to you on level 5 of the Lair of
                  | Beasts)
 16808 | Lair:5   | Received a gift from Okawaru
 16926 | Lair:4   | Reached XP level 14. HP: 125/129 MP: 19/19
 16942 | Lair:5   | Reached skill level 14 in Maces & Flails
 16964 | Lair:5   | Reached skill level 7 in Invocations
 17143 | Lair:5   | Reached skill level 14 in Armour
 17143 | Lair:5   | Reached skill level 8 in Invocations
 17143 | Lair:5   | Reached XP level 15. HP: 136/136 MP: 19/21
 17143 | Lair:5   | Reached XP level 16. HP: 145/145 MP: 19/22
 17269 | Lair:5   | Reached skill level 13 in Shields
 17494 | Lair:5   | Found a large runed translucent door.
 17512 | Lair:5   | Reached skill level 11 in Fighting
 17713 | Lair:5   | Reached skill level 15 in Maces & Flails
 17768 | Lair:5   | Found a large runed translucent door.
 19019 | Orc:1    | Entered Level 1 of the Orcish Mines
 19037 | Orc:1    | Identified the +6 morningstar "Miyri" {freeze, Fly}
                  | (Okawaru gifted it to you on level 1 of the Orcish Mines)
 19037 | Orc:1    | Received a gift from Okawaru
 19041 | Orc:1    | Noticed Josephine
 19213 | Orc:1    | Killed Josephine
 19638 | Orc:2    | Entered Level 2 of the Orcish Mines
 19747 | Orc:2    | Noticed Erolcha
 19750 | Orc:2    | Killed Erolcha
 19752 | Orc:2    | Noticed Rupert
 19784 | Orc:2    | Killed Rupert
 20287 | Orc:2    | Found a staircase to the Elven Halls.
 20536 | Orc:2    | Found Moyg Zua's General Store.
 20554 | Orc:2    | Found Ruceg's Magic Scroll Shoppe.
 20615 | Orc:2    | Bought a scroll of acquirement for 884 gold pieces
 20615 | Orc:2    | Bought a scroll of identify for 34 gold pieces
 20615 | Orc:2    | Bought a scroll of identify for 34 gold pieces
 20615 | Orc:2    | Acquired 620 gold pieces
 20699 | Orc:2    | Reached skill level 9 in Invocations
 20725 | Orc:2    | Gained mutation: Your magical capacity is low. (-10% MP) [a
                  | neqoxec]
 21592 | Orc:2    | Found Toblian's Jewellery Shop.
 21592 | Orc:2    | Found Suhud's Antique Armour Boutique.
 21593 | Orc:2    | Found a one-way gate leading to the halls of Pandemonium.
 21601 | Orc:2    | Bought the amulet "Oma Wan" {Faith rElec} for 648 gold
                  | pieces
 21905 | D:7      | Killed Crazy Yiuf
 22001 | D:8      | Killed Iidacon's ghost
 22019 | D:8      | Got Finuppah's Tractate on Oromancy
 22120 | D:9      | Identified the +0 helmet of Cuefeo {Drain Str+8} (Okawaru
                  | gifted it to you on level 9 of the Dungeon)
 22120 | D:9      | Received a gift from Okawaru
 22554 | D:12     | Reached skill level 16 in Maces & Flails
 22554 | D:12     | Reached skill level 15 in Armour
 22803 | D:12     | Gained mutation: You are frail. (-10% HP) [a neqoxec]
 22871 | D:12     | HP: 26/130 [sun demon (14)]
 22873 | D:12     | HP: 4/130 [sun demon (10)]
 22873 | D:12     | Mangled by a sun demon

Illustrated notes

Levels and vault maps discovered:
D:1:      spicycebolla_arrival_xxxplode, layout_basic
D:2:      layout_basic
D:3:      layout_rooms
D:4:      layout_basic, nicolae_figureground_sparkle
D:5:      layout_cave_pools, mainiacjoe_overflow_alcove_2, minitemple,
          serial_shops, nicolae_lakefront_shop, cheibrodos_sewer_entry_bend
D:6:      layout_basic, nicolae_ashenzari_skybound, serial_glass,
          glass_columns_a, glass_columns_a, kennysheep_windowed_goal
D:7:      layout_loops_cross, minmay_temple_entry_junction_2, enter_bailey_3,
          uniq_joseph, uniq_crazy_yiuf_cottage, uniq_prince_ribbit1
D:8:      layout_basic, hellmonk_ghost_big_iron, enter_ossuary_1
D:9:      gammafunk_sealed_arena, layout_stronghold,
          chequers_serial_rivers_micro_d
D:10:     layout_loops_ring, marbit_many_paths, lair_entry_dummy, david_orc_5,
          small_statue_alley_a, evilmike_minifort, uniq_lodul
D:11:     hangedman_what_comes_after_a, layout_rooms,
          fedhas_bush_and_centaur_altar
D:12:     layout_stronghold, serial_demonic, serial_demonic_b, serial_demonic_g,
          serial_demonic_b, serial_demonic_g, serial_demonic_f,
          serial_demonic_g, serial_demonic_d, serial_demonic_d, st_stairs_6,
          nrook_mini_backslash, uniq_kirke
Temple:   sentei_temple_godly_chess
Lair:1:   layout_regular_city, st_stairs_7, hangedman_lair_generics_rect,
          serial_bayou_shore_a, lemuel_fruit_fields, uniq_nergalle
Lair:2:   layout_roguey, uniq_urug
Lair:3:   layout_hall_layers, minmay_swamp_entry_reptiles,
          minmay_snake_entry_guardpost_small, nicolae_quartered_pool_medium,
          st_stairs_13
Lair:4:   layout_cave_pods, slime_entry_1, st_stairs_9, grunt_megastairs_5,
          uniq_snorg
Lair:5:   cheibrodos_lair_end_hotspot, layout_loops_ring, serial_bayou_pond_c,
          nicolae_lair_lindhole
Orc:1:    layout_caves, mines1_david, uniq_josephine
Orc:2:    pf_orc_diabolical, layout_diamond_mine, nooodl_orcs_dogs,
          uniq_erolcha, uniq_rupert

Skill      XL: |  1  2  3  4  5  6  7  8  9 10 11 12 13 14 15 16 |
---------------+-------------------------------------------------+-----
Maces & Flails | 2 3 4 5 7 8 10 11 12 13 14 16 | 16.0
Armour         | 4 5 6 7 8 9 11 12 13 14 15 | 15.0
Fighting       | 3 4 5 6 7 8 9 10 11 | 11.7
Shields        | 4 5 6 7 9 10 11 12 13 | 13.9
Invocations    | 2 5 6 8 9 |  9.4

Action                     |  1- 3 |  4- 6 |  7- 9 | 10-12 | 13-15 | 16-18 || total
---------------------------+-------+-------+-------+-------+-------+-------++-------
  Melee: Flail             |    79 |   104 |   374 |   574 |       |       ||  1131
         Tailslap          |     5 |     6 |    28 |    78 |    90 |   138 ||   345
         Demon whip        |       |       |       |   119 |   465 |   739 ||  1323
 Invoke: Heroism           |       |       |     3 |    17 |     5 |    15 ||    40
  Evoke: Wand              |       |       |     4 |     9 |       |     1 ||    14
    Use: Potion            |       |     2 |     3 |     7 |     1 |     3 ||    16
         Scroll            |       |     9 |    13 |    12 |     2 |     4 ||    40
   Stab: Paralysed         |       |       |     1 |       |       |       ||     1
 Armour: Scale mail        |    62 |    76 |   204 |       |       |   111 ||   453
         Ring mail         |       |       |    89 |   418 |   137 |    61 ||   705
         Chain mail        |       |       |       |       |       |    54 ||    54
  Dodge: Dodged            |    42 |    33 |   204 |   276 |    81 |    82 ||   718
  Block: Buckler           |    14 |    16 |       |       |       |       ||    30
         Tower shield      |       |    36 |   415 |   752 |   289 |   387 ||  1879

Table legend: (Time is in decaauts)
 A = Elapsed time spent in this place.
 B = Non-inter-level travel time spent in this place.
 C = Inter-level travel time spent in this place.
 D = Time resting spent in this place.
 E = Time spent auto-exploring this place.
 F = Levels seen in this place.
 G = Mean time per level.
                   A        B        C        D        E       F      G
               +--------+--------+--------+--------+--------+-----+--------+
         Total |  23071 |  21297 |   1774 |   3068 |  13080 |  23 | 1003.1 |
       Dungeon |  13233 |  11936 |   1297 |   1705 |   7361 |  12 | 1102.8 |
        Temple |      9 |      9 |      0 |      0 |      0 |   1 |    9.0 |
          Lair |   5668 |   5426 |    242 |    540 |   3871 |   5 | 1133.6 |
  Orcish Mines |   2570 |   2336 |    234 |    564 |   1258 |   2 | 1285.0 |
         Sewer |    804 |    804 |      0 |    219 |    203 |   1 |  804.0 |
       Ossuary |    291 |    291 |      0 |      4 |    105 |   1 |  291.0 |
        Bailey |    493 |    493 |      0 |     34 |    282 |   1 |  493.0 |
               +--------+--------+--------+--------+--------+-----+--------+

Top non-repeatable levels by time:
    D:10: 2887 daAuts
   Orc:2: 2078 daAuts
  Lair:5: 1825 daAuts
    D:11: 1461 daAuts
     D:9: 1369 daAuts
     D:7: 1235 daAuts
  Lair:4: 1212 daAuts
     D:4: 1073 daAuts
     D:8: 1051 daAuts
  Lair:1: 956 daAuts
  Lair:2: 899 daAuts
     D:2: 806 daAuts
   Sewer: 804 daAuts
     D:1: 798 daAuts
     D:3: 780 daAuts

Levels and vault maps discovered:
D:1:      spicycebolla_arrival_xxxplode, layout_basic
D:2:      layout_basic
D:3:      layout_rooms
D:4:      layout_basic, nicolae_figureground_sparkle
D:5:      layout_cave_pools, mainiacjoe_overflow_alcove_2, minitemple,
          serial_shops, nicolae_lakefront_shop, cheibrodos_sewer_entry_bend
D:6:      layout_basic, nicolae_ashenzari_skybound, serial_glass,
          glass_columns_a, glass_columns_a, kennysheep_windowed_goal
D:7:      layout_loops_cross, minmay_temple_entry_junction_2, enter_bailey_3,
          uniq_joseph, uniq_crazy_yiuf_cottage, uniq_prince_ribbit1
D:8:      layout_basic, hellmonk_ghost_big_iron, enter_ossuary_1
D:9:      gammafunk_sealed_arena, layout_stronghold,
          chequers_serial_rivers_micro_d
D:10:     layout_loops_ring, marbit_many_paths, lair_entry_dummy, david_orc_5,
          small_statue_alley_a, evilmike_minifort, uniq_lodul
D:11:     hangedman_what_comes_after_a, layout_rooms,
          fedhas_bush_and_centaur_altar
D:12:     layout_stronghold, serial_demonic, serial_demonic_b, serial_demonic_g,
          serial_demonic_b, serial_demonic_g, serial_demonic_f,
          serial_demonic_g, serial_demonic_d, serial_demonic_d, st_stairs_6,
          nrook_mini_backslash, uniq_kirke
Temple:   sentei_temple_godly_chess
Lair:1:   layout_regular_city, st_stairs_7, hangedman_lair_generics_rect,
          serial_bayou_shore_a, lemuel_fruit_fields, uniq_nergalle
Lair:2:   layout_roguey, uniq_urug
Lair:3:   layout_hall_layers, minmay_swamp_entry_reptiles,
          minmay_snake_entry_guardpost_small, nicolae_quartered_pool_medium,
          st_stairs_13
Lair:4:   layout_cave_pods, slime_entry_1, st_stairs_9, grunt_megastairs_5,
          uniq_snorg
Lair:5:   cheibrodos_lair_end_hotspot, layout_loops_ring, serial_bayou_pond_c,
          nicolae_lair_lindhole
Orc:1:    layout_caves, mines1_david, uniq_josephine
Orc:2:    pf_orc_diabolical, layout_diamond_mine, nooodl_orcs_dogs,
          uniq_erolcha, uniq_rupert

Table legend: (Time is in decaauts)
 A = Elapsed time spent in this place.
 B = Non-inter-level travel time spent in this place.
 C = Inter-level travel time spent in this place.
 D = Time resting spent in this place.
 E = Time spent auto-exploring this place.
 F = Levels seen in this place.
 G = Mean time per level.
                   A        B        C        D        E       F      G
               +--------+--------+--------+--------+--------+-----+--------+
         Total |  23071 |  21297 |   1774 |   3068 |  13080 |  23 | 1003.1 |
       Dungeon |  13233 |  11936 |   1297 |   1705 |   7361 |  12 | 1102.8 |
        Temple |      9 |      9 |      0 |      0 |      0 |   1 |    9.0 |
          Lair |   5668 |   5426 |    242 |    540 |   3871 |   5 | 1133.6 |
  Orcish Mines |   2570 |   2336 |    234 |    564 |   1258 |   2 | 1285.0 |
         Sewer |    804 |    804 |      0 |    219 |    203 |   1 |  804.0 |
       Ossuary |    291 |    291 |      0 |      4 |    105 |   1 |  291.0 |
        Bailey |    493 |    493 |      0 |     34 |    282 |   1 |  493.0 |
               +--------+--------+--------+--------+--------+-----+--------+

Top non-repeatable levels by time:
    D:10: 2887 daAuts
   Orc:2: 2078 daAuts
  Lair:5: 1825 daAuts
    D:11: 1461 daAuts
     D:9: 1369 daAuts
     D:7: 1235 daAuts
  Lair:4: 1212 daAuts
     D:4: 1073 daAuts
     D:8: 1051 daAuts
  Lair:1: 956 daAuts
  Lair:2: 899 daAuts
     D:2: 806 daAuts
   Sewer: 804 daAuts
     D:1: 798 daAuts
     D:3: 780 daAuts

Table legend:
 A = Kills in this place as a percentage of kills in the entire game.
 B = Kills by you in this place as a percentage of kills by you in the entire game.
 C = Kills by friends in this place as a percentage of kills by friends in the entire game.
 D = Other kills in this place as a percentage of other kills in the entire game.
 E = Experience gained in this place as a percentage of experience gained in the entire game.
 F = Experience gained in this place divided by the number of levels of this place that you have seen.
                   A       B       C       D       E      F
               +-------+-------+-------+-------+-------+----------------------
         Total | 100.0 | 100.0 |   N/A |   N/A | 100.0 | 5317.6
       Dungeon |  44.0 |  44.0 |   N/A |   N/A |  31.7 | 3228.5
          Lair |  24.4 |  24.4 |   N/A |   N/A |  47.0 | 11496.0
  Orcish Mines |  16.8 |  16.8 |   N/A |   N/A |  20.6 | 12603.5
         Sewer |   6.8 |   6.8 |   N/A |   N/A |   0.3 | 352.0
       Ossuary |   5.2 |   5.2 |   N/A |   N/A |   0.2 | 247.0
        Bailey |   2.9 |   2.9 |   N/A |   N/A |   0.2 | 277.0
               +-------+-------+-------+-------+-------+----------------------
